 Dungeon Crawl Stone Soup version 0.31-a0-841-g038b102fc3 (webtiles) character file.

Game seed: 514389911666613227

52 Shayle the Conjurer (level 3, -6/28 HPs)
             Began as a Demonspawn Reaver on Sept 27, 2023.
             Mangled by an ice beast (10 damage)
             ... on level 3 of the Dungeon.
             The game lasted 00:02:48 (1643 turns).

Shayle the Conjurer (Demonspawn Reaver)             Turns: 1643, Time: 00:02:49

Health: -6/28      AC:  6    Str: 12    XL:     3   Next: 60%
Magic:  6/6        EV: 10    Int: 16    God:
Gold:   104        SH:  0    Dex: 11    Spells: 6/7 levels left

rFire   . . .        h - +2 rapier (venom)
rCold   . . .        (no shield)
rNeg    . . .        j - +0 ring mail
rPois   .            (no helmet)
rElec   .            (no cloak)
rCorr   .            (no gloves)
SInv    .            f - +0 pair of boots
Will    .....        (no amulet)
Stlth   +            (no ring)
HPRegen 0.24/turn    (no ring)
MPRegen 0.10/turn

%: no passive effects
@: no status effects
A: claws 1, powered by death 1
a: no special abilities


You were on level 3 of the Dungeon.
You visited 1 branch of the dungeon, and saw 3 of its levels.

You collected 104 gold pieces.

Inventory:

Hand Weapons
 a - a +0 spear
 h - a +2 rapier of venom (weapon)
Missiles
 n - 2 silver javelins
Armour
 b - a +0 leather armour
 f - a +0 pair of boots (worn)
 j - a +0 ring mail (worn)
Jewellery
 i - an amulet of magic regeneration
Scrolls
 e - a scroll of enchant armour {unknown}
 l - 2 scrolls of vulnerability {unknown}
 m - a scroll of teleportation {unknown}
 o - a scroll of poison {unknown}
Potions
 c - 2 potions of curing {unknown}
 d - 2 potions of attraction {unknown}
 g - a potion of heal wounds {unknown}
 k - a potion of degeneration {unknown}


   Skills:
 + Level 2.8 Fighting
 - Level 2.6 Polearms
 - Level 1.7 Dodging
 + Level 2.6 Spellcasting
 - Level 3.0 Conjurations
 + Level 1.9 Necromancy


You had 6 spell levels left.
You knew the following spells:

 Your Spells              Type           Power      Damage    Failure   Level
a - Kiss of Death         Conj/Necr      40%        2d8       16%         1

Your spell library contained the following spells:

 Spells                   Type           Power      Damage    Failure   Level
 Necrotise                Necr           32%        1d5       21%         1
 Momentum Strike          Conj/Tloc      12%        3d8       36%         2
 Summon Small Mammal      Summ           8%         N/A       41%         1
 Vampiric Draining        Necr           8%         2d6       52%         3
 Poisonous Vapours        Pois/Air       4%         N/A       56%         2
 Hailstorm                Conj/Ice       6%         3d4       58%         3
 Mephitic Cloud           Conj/Pois/Air  5%         N/A       65%         3
 Call Canine Familiar     Summ           2%         N/A       80%         3
 Summon Guardian Golem    Hex/Summ       2%         N/A       80%         3
 Agony                    Necr           8%         N/A       99%         5
 Freezing Cloud           Conj/Ice/Air   2%         6-21      100%        5


Dungeon Overview and Level Annotations

Branches:
Dungeon (3/15)

Altars:

Shops:
D:1 !


Innate Abilities, Weirdness & Mutations

You have sharp fingernails.
You regenerate a little health from kills.


Message History

The ball python hisses angrily.
You hit the ball python.
You kill the ball python!
You see here a ball python corpse.
You now have 104 gold pieces (gained 7).
o - a scroll labelled KAELEB ISONKEIME You open the door.
There is an open door here.
There is an open door here.
You see here a rat skeleton.
Done exploring.
Done exploring.
There is a stone staircase leading down here.
You climb downwards.
There is a stone staircase leading up here.
A rat is nearby!
An ice beast comes into view.
The rat bites you but does no damage.
You hit the rat.
The rat is moderately wounded.
The rat completely misses you.
You puncture the rat!
You kill the rat!
The ice beast barely misses you.
You hit the ice beast but do no damage.
The ice beast is poisoned.
The ice beast hits you but does no damage.
You hit the ice beast.
The ice beast is lightly wounded.
The ice beast hits you but does no damage.
You puncture the ice beast!
The ice beast is heavily wounded.
The ice beast hits you. The ice beast freezes you! The ice beast hits you.
The ice beast freezes you!
* * * LOW HITPOINT WARNING * * *
You hit the ice beast but do no damage.
The ice beast is severely wounded.
The ice beast hits you.
* * * LOW HITPOINT WARNING * * *
The ice beast freezes you!
You die...

. ##### ..
.... .. #..#
#. #..# #..
#..#
#...###..#
#...†Y@..#
.......###<#
....... ###
.......
.....##
..... ....
....


You could see an ice beast (very poisoned).

Vanquished Creatures
  2 worms (D:2)
  A dart slug (D:2)
  A bat (D:2)
  3 endoplasms
  A giant cockroach (D:1)
  10 goblins
  2 hobgoblins
  4 kobolds
  3 quokkas
  2 ball pythons
  4 frilled lizards
  8 rats
41 creatures vanquished.

Notes
Turn   | Place    | Note
-------+----------+-------------------------------------------
     0 | D:1      | Shayle the Demonspawn Reaver began the quest for the Orb.
     0 | D:1      | Reached XP level 1. HP: 16/16 MP: 3/3
   223 | D:1      | Found a faded altar of an unknown god.
   295 | D:1      | Reached skill level 1 in Necromancy
   295 | D:1      | Gained mutation: You regenerate a little health from kills.
                  | [demonic ancestry]
   295 | D:1      | Reached XP level 2. HP: 17/22 MP: 5/5
   325 | D:1      | Found Daununol's Distillery.
   882 | D:2      | Gained mutation: You have sharp fingernails. [demonic
                  | ancestry]
   882 | D:2      | Reached XP level 3. HP: 27/28 MP: 6/6
  1635 | D:3      | Noticed an ice beast
  1643 | D:3      | Mangled by an ice beast

Illustrated notes

Levels and vault maps discovered:
D:1:      zelgadis_glass_arrival_small, layout_basic,
          shapermc_ecumenical_altar_mp_ritualfount, serial_shops,
          nicolae_shop_rolling_square, minivault_24
D:2:      layout_loops_corners
D:3:      layout_basic, nicolae_vehumet_radiance

Skill      XL: |  1 |
---------------+----+-----
Necromancy     | 1 |  1.9
Fighting       | |  2.8
Polearms       | |  2.6
Dodging        | |  1.7
Spellcasting   | |  2.6
Conjurations   | |  3.0

Action                     || total
---------------------------++-------
  Melee: Spear             ||    70
         Punch             ||     2
         Rapier            ||    59
 Armour: Leather armour    ||    53
         Ring mail         ||    27
  Dodge: Dodged            ||    64

Table legend: (Time is in decaauts)
 A = Elapsed time spent in this place.
 B = Non-inter-level travel time spent in this place.
 C = Inter-level travel time spent in this place.
 D = Time resting spent in this place.
 E = Time spent auto-exploring this place.
 F = Levels seen in this place.
 G = Mean time per level.
                   A        B        C        D        E       F      G
               +--------+--------+--------+--------+--------+-----+--------+
         Total |   1651 |   1603 |     48 |     36 |   1157 |   3 |  550.3 |
       Dungeon |   1651 |   1603 |     48 |     36 |   1157 |   3 |  550.3 |
               +--------+--------+--------+--------+--------+-----+--------+

Top non-repeatable levels by time:
     D:2: 864 daAuts
     D:1: 776 daAuts
     D:3: 10 daAuts
